 Dungeon Crawl Stone Soup version 0.27.1-33-g824d729ab1 (webtiles) character file.

Game seed: 18307019698639234611

22 CasualChangeling the Skirmisher (level 2, -5/27 HPs)
             Began as a Draconian Fighter on Dec 27, 2021.
             Slain by a gnoll (6 damage)
             ... on level 2 of the Dungeon.
             The game lasted 00:07:40 (1176 turns).

CasualChangeling the Skirmisher (Draconian Fighter) Turns: 1176, Time: 00:07:41

Health: -5/27      AC:  4    Str: 18    XL:     2   Next: 68%
Magic:  2/2        EV: 10    Int:  8    God:
Gold:   52         SH:  9    Dex: 10    Spells: 1/1 levels left

rFire    . . .     SeeInvis .   a - +0 war axe
rCold    . . .     Faith    .   b - +0 kite shield
rNeg     . . .     Spirit   .   (armour unavailable)
rPois    .         Reflect  .   (helmet restricted)
rElec    .         Harm     .   (no cloak)
rCorr    .         Rampage  .   (no gloves)
Will     .....                  (no boots)
Stlth    +.........             (no amulet)
HPRegen  0.09/turn              (no ring)
MPRegen  0.08/turn              (no ring)

@: no status effects
A: AC +4, unfitting armour, cold-blooded
a: no special abilities


You were on level 2 of the Dungeon.
You visited 1 branch of the dungeon, and saw 2 of its levels.

You collected 52 gold pieces.

Inventory:

Hand Weapons
 a - a +0 war axe (weapon)
Armour
 b - a +0 kite shield (worn)
Scrolls
 e - a scroll of fear {unknown}
 f - a scroll of identify {unknown}
 g - a scroll of holy word {unknown}
 h - a scroll of teleportation {unknown}
Potions
 c - a potion of might
 d - 4 potions of curing {unknown}
 i - a potion of haste {unknown}


   Skills:
 + Level 3.7 Fighting
 + Level 2.4 Axes
 - Level 2.7 Dodging
 + Level 3.3 Shields


You had one spell level left.
You didn't know any spells.
Your spell library was empty.

Dungeon Overview and Level Annotations

Branches:
Dungeon (2/15)

Altars:


Innate Abilities, Weirdness & Mutations

Your plain brown scales are hard. (AC +4)
You cannot fit into any form of body armour.
You are cold-blooded and may be slowed by cold attacks.


Message History

You hit the hobgoblin.
You kill the hobgoblin!
No target in view!
HP restored.
You see here a hobgoblin corpse.
Found 22 stones.
There is a dry fountain here.
Done exploring.
Done exploring.
There is a fountain of clear blue water here.
There is a stone staircase leading down here.
You climb downwards.
Found 7 arrows.
There is a stone staircase leading up here. 2 gnolls come into view.
A gnoll is wielding a +2 vorpal flail.
Found a granite ring.
The gnoll shouts! x2
The endoplasm quivers.
There is a stone staircase leading up here.
You hit the endoplasm. You tail-slap the endoplasm.
You kill the endoplasm!
The gnoll barely misses you.
The gnoll hits you from afar with a +0 spear.
The gnoll hits you with a +0 spear!
There is a stone staircase leading up, spattered with blood here.
You slash the gnoll!
The gnoll is almost dead.
The gnoll hits you with a +0 spear.
A gnoll comes into view. It is wielding a +0 halberd.
You closely miss the gnoll. You block the gnoll's attack.
The gnoll closely misses you. The gnoll barely misses you.
The gnoll hits you from afar with a +0 spear.
You hit the gnoll.
The gnoll is heavily wounded.
The gnoll hits you with a +2 vorpal flail.
You block the gnoll's attack. The gnoll closely misses you. x2
The gnoll hits you from afar with a +0 halberd!
* * * LOW HITPOINT WARNING * * *
The gnoll hits you from afar with a +0 spear.
You die...

##.#.# ... =#
#####.. g# ......
.# ....##.# #...
.# .#
##.#.#..##g#..(#.
........@gg......
.#.#+##.##.######
.... .# ....#####
#..... ......
....#. ......


You could see 3 gnolls.

Vanquished Creatures
  A gnoll (D:1)
  A dart slug (D:1)
  3 endoplasms
  2 hobgoblins (D:1)
  A kobold (D:1)
  A bat (D:1)
  A rat (D:1)
10 creatures vanquished.

Notes
Turn   | Place    | Note
-------+----------+-------------------------------------------
     0 | D:1      | CasualChangeling the Draconian Fighter began the quest for
                  | the Orb.
     0 | D:1      | Reached XP level 1. HP: 19/19 MP: 1/1
   496 | D:1      | Found a faded altar of an unknown god.
   575 | D:1      | Reached XP level 2. HP: 24/26 MP: 2/2
  1175 | D:2      | HP: 1/27 [gnoll (12)]
  1176 | D:2      | Slain by a gnoll

Illustrated notes

Levels and vault maps discovered:
D:1:      dpeg_arrival_chambers_temple_mockup, layout_loops_ring,
          ebering_ecumenical_altar_mist
D:2:      layout_basic, serial_forest, infiniplex_forest_lined_2,
          infiniplex_forest_lined_ring, infiniplex_forest_end_double,
          infiniplex_forest_lined_3, infiniplex_forest_3_way

Action                   || total
-------------------------++-------
Melee: War axe           ||    30
       Tailslap          ||     5
Armor: Skin              ||     5
Dodge: Dodged            ||    12
Block: Kite shield       ||    13
